General information
- name: BNet
- type: Ladder team game (AT/RT)
- host: Battle.net
- saver: immortalsoulzz
map: Cherryville
- players: 8
- length: 31:30
- speed: Fast
- version: 1.24 W3XP
- replay type: Public
» download(167 KB)
Players
team 1 (winner)
a.spec (
blue | 53 APM | 1219 actions | 22:54)
5 Paladin
3 Holy Light
2 Devotion Aura
3 Mountain King
2 Storm Bolt
1 Bash
» actions
| Assign group hotkey | 41 | |
| Basic commands | 65 | |
| Build / train | 63 | |
| Enter build submenu | 23 | |
| Enter hero's abilities submenu | 8 | |
| Give item / drop item | 2 | |
| Remove unit from queue | 1 | |
| Right click | 452 | |
| Select / deselect | 232 | |
| Select group hotkey | 257 | |
| Use ability | 75 | |
1219 total
» units
| Peasant | 12 | |
| Footman | 5 | |
| Goblin Shredder | 1 | |
| Gryphon Rider | 13 | |
31 total
» upgrades
| Swords | 3 | |
| Plating | 0 | |
| Armor | 3 | |
| Storm Hammers | 1 | |
| Animal War Training | 1 | |
8 total
» buildings
| Altar of Kings | 1 | |
| Farm | 13 | |
| Barracks | 1 | |
| Lumber Mill | 2 | |
| Arcane Vault | 1 | |
| Keep | 1 | |
| Town Hall | 1 | |
| Blacksmith | 2 | |
| Castle | 1 | |
| Gryphon Aviary | 3 | |
26 total
» build order
00:23 Altar of Kings
00:35 Farm
00:37 Farm
00:52 Barracks
01:03 Lumber Mill
01:10 Lumber Mill
01:48 Arcane Vault
01:59 Farm
03:15 Keep
03:40 Farm
04:59 Town Hall
05:11 Farm
05:18 Blacksmith
06:24 Castle
07:29 Gryphon Aviary
07:33 Gryphon Aviary
07:45 Blacksmith
08:28 Gryphon Aviary
08:39 Farm
08:40 Farm
10:03 Farm
10:05 Farm
10:09 Farm
11:12 Farm
12:28 Farm
12:30 Farm
» items
| Lesser Clarity Potion | 6 | |
| Scroll of Town Portal | 3 | |
| Scroll of Regeneration | 2 | |
11 total
BABY-BATTLER (
teal | 30 APM | 937 actions | 31:29)
2 Blood Mage
1 Flame Strike
1 Banish
» actions
| Assign group hotkey | 65 | |
| Basic commands | 22 | |
| Build / train | 71 | |
| Enter build submenu | 39 | |
| Enter hero's abilities submenu | 2 | |
| Right click | 350 | |
| Select / deselect | 307 | |
| Select group hotkey | 24 | |
| Use ability | 57 | |
937 total
» units
» upgrades
| Masonry | 3 | |
| Lumber Harvesting | 2 | |
| Gunpowder | 2 | |
| Armor | 1 | |
| Fragmentation Shards | 1 | |
9 total
» buildings
| Scout Tower | 27 | |
| Altar of Kings | 1 | |
| Farm | 3 | |
| Arcane Tower | 3 | |
| Lumber Mill | 2 | |
| Keep | 1 | |
| Town Hall | 1 | |
| Blacksmith | 1 | |
| Workshop | 2 | |
| Guard Tower | 22 | |
| Cannon Tower | 3 | |
| Castle | 1 | |
67 total
» build order
00:04 Scout Tower
00:07 Altar of Kings
00:20 Farm
00:36 Arcane Tower
01:13 Lumber Mill
02:24 Keep
02:40 Farm
02:44 Farm
04:40 Town Hall
05:56 Blacksmith
07:41 Workshop
07:47 Workshop
08:44 Guard Tower
08:45 Guard Tower
08:46 Guard Tower
09:02 Scout Tower
09:06 Scout Tower
10:53 Guard Tower
10:56 Cannon Tower
10:57 Guard Tower
11:19 Scout Tower
11:21 Scout Tower
12:00 Guard Tower
12:09 Castle
12:18 Guard Tower
12:53 Scout Tower
12:55 Scout Tower
13:21 Cannon Tower
13:46 Cannon Tower
13:49 Scout Tower
13:51 Scout Tower
13:54 Scout Tower
14:31 Guard Tower
14:45 Scout Tower
14:52 Guard Tower
14:53 Guard Tower
15:12 Guard Tower
15:15 Scout Tower
15:18 Scout Tower
15:21 Scout Tower
16:12 Guard Tower
16:23 Guard Tower
16:29 Scout Tower
16:31 Scout Tower
16:36 Scout Tower
16:39 Scout Tower
16:42 Scout Tower
16:44 Scout Tower
16:45 Scout Tower
17:42 Guard Tower
18:09 Guard Tower
18:13 Scout Tower
18:47 Scout Tower
18:48 Guard Tower
19:14 Guard Tower
19:16 Scout Tower
19:45 Arcane Tower
19:54 Lumber Mill
20:14 Scout Tower
20:18 Guard Tower
20:18 Guard Tower
20:41 Guard Tower
20:42 Guard Tower
20:44 Scout Tower
21:29 Arcane Tower
21:31 Scout Tower
» items
| Potion of Mana | 1 | |
| Ivory Tower | 3 | |
4 total
immortalsoulzz (
pink | 38 APM | 1183 actions | 31:30)
2 Blood Mage
1 Flame Strike
1 Banish
» actions
| Assign group hotkey | 16 | |
| Basic commands | 145 | |
| Build / train | 47 | |
| Enter build submenu | 40 | |
| Enter hero's abilities submenu | 2 | |
| Right click | 354 | |
| Select / deselect | 280 | |
| Select group hotkey | 208 | |
| Use ability | 91 | |
1183 total
» units
| Peasant | 11 | |
| Mortar Team | 6 | |
| Goblin Zeppelin | 1 | |
18 total
» upgrades
| Lumber Harvesting | 1 | |
| Flare | 1 | |
| Masonry | 2 | |
4 total
» buildings
| Farm | 16 | |
| Altar of Kings | 1 | |
| Scout Tower | 21 | |
| Arcane Tower | 2 | |
| Keep | 1 | |
| Lumber Mill | 1 | |
| Arcane Vault | 2 | |
| Blacksmith | 1 | |
| Workshop | 2 | |
| Guard Tower | 12 | |
| Castle | 1 | |
60 total
» build order
00:08 Farm
00:21 Altar of Kings
00:58 Scout Tower
01:25 Arcane Tower
01:25 Arcane Tower
01:32 Farm
02:30 Keep
02:33 Lumber Mill
02:39 Farm
02:40 Farm
02:41 Farm
02:42 Farm
03:09 Arcane Vault
04:25 Blacksmith
05:04 Arcane Vault
05:40 Workshop
06:17 Workshop
09:19 Scout Tower
09:20 Scout Tower
09:21 Scout Tower
09:22 Scout Tower
09:23 Scout Tower
09:58 Guard Tower
10:43 Guard Tower
12:10 Scout Tower
12:14 Scout Tower
12:28 Scout Tower
12:29 Scout Tower
13:02 Guard Tower
13:07 Scout Tower
13:08 Scout Tower
13:08 Scout Tower
13:09 Scout Tower
13:36 Castle
13:39 Guard Tower
13:40 Guard Tower
14:07 Guard Tower
14:18 Scout Tower
14:18 Scout Tower
14:53 Guard Tower
15:01 Guard Tower
15:20 Farm
15:27 Scout Tower
15:54 Guard Tower
16:01 Scout Tower
16:09 Scout Tower
16:29 Guard Tower
16:31 Scout Tower
17:15 Guard Tower
19:00 Scout Tower
19:03 Farm
19:11 Farm
25:47 Farm
25:54 Farm
26:51 Farm
27:38 Farm
28:06 Farm
28:56 Farm
29:26 Farm
» items
| Scroll of Regeneration | 1 | |
| Lesser Clarity Potion | 2 | |
| Staff of Teleportation | 1 | |
| Circlet of Nobility | 1 | |
5 total
ciggies (
orange | 55 APM | 1733 actions | 31:29)
4 Blademaster
2 Wind Walk
2 Critical Strike
3 Tauren Chieftain
2 Endurance Aura
1 War Stomp
» actions
| Assign group hotkey | 21 | |
| Basic commands | 76 | |
| Build / train | 50 | |
| Enter build submenu | 13 | |
| Enter hero's abilities submenu | 7 | |
| Give item / drop item | 13 | |
| Right click | 696 | |
| Select / deselect | 451 | |
| Select group hotkey | 346 | |
| Use ability | 59 | |
1733 total
» units
| Peon | 7 | |
| Grunt | 1 | |
| Shaman | 3 | |
| Troll Witch Doctor | 1 | |
| Tauren | 2 | |
14 total
» upgrades
| Shaman Training | 2 | |
| Witch Doctor Training | 2 | |
| Pulverize | 1 | |
| Armor | 2 | |
| Melee Weapons | 2 | |
9 total
» buildings
| Altar of Storms | 1 | |
| Orc Burrow | 5 | |
| Barracks | 1 | |
| Voodoo Lounge | 1 | |
| Stronghold | 1 | |
| Spirit Lodge | 2 | |
| Fortress | 1 | |
| War Mill | 1 | |
| Tauren Totem | 2 | |
15 total
» build order
00:09 Altar of Storms
00:21 Orc Burrow
00:52 Barracks
01:33 Voodoo Lounge
01:54 Orc Burrow
03:02 Stronghold
04:56 Orc Burrow
05:44 Spirit Lodge
05:47 Spirit Lodge
05:50 Fortress
07:22 War Mill
09:23 Tauren Totem
09:26 Tauren Totem
10:08 Orc Burrow
10:10 Orc Burrow
» items
| Healing Salve | 3 | |
| Scroll of Speed | 2 | |
| Orb of Lightning | 1 | |
| Lesser Clarity Potion | 1 | |
| Circlet of Nobility | 1 | |
| Potion of Lesser Invulnerability | 1 | |
| Scroll of Healing | 1 | |
| Boots of Speed | 1 | |
| Scroll of Regeneration | 1 | |
| Orb of Fire | 1 | |
| Potion of Healing | 2 | |
| Staff of Teleportation | 1 | |
16 total
team 2 (loser)
DeStRoYeR101 (
purple | 31 APM | 988 actions | 31:29)
4 Warden
2 Fan of Knives
1 Shadow Strike
1 Blink
4 Naga Sea Witch
2 Forked Lightning
2 Frost Arrows
» actions
| Assign group hotkey | 14 | |
| Build / train | 74 | |
| Enter build submenu | 14 | |
| Enter hero's abilities submenu | 10 | |
| Right click | 485 | |
| Select / deselect | 221 | |
| Select group hotkey | 73 | |
| Use ability | 97 | |
988 total
» units
| Wisp | 8 | |
| Druid of the Claw | 29 | |
| Goblin Zeppelin | 2 | |
39 total
» upgrades
| Ultravision | 1 | |
| Druid of the Claw Training | 2 | |
| Strength of the Wild | 2 | |
| Reinforced Hides | 1 | |
| Mark of the Claw | 1 | |
7 total
» buildings
| Tree of Ages | 2 | |
| Altar of Elders | 1 | |
| Moon Well | 9 | |
| Tree of Eternity | 4 | |
| Hunter's Hall | 1 | |
| Ancient of Lore | 2 | |
19 total
» build order
00:34 Tree of Ages
01:03 Altar of Elders
01:24 Moon Well
03:45 Tree of Eternity
03:45 Tree of Eternity
03:45 Tree of Eternity
04:59 Hunter's Hall
06:06 Ancient of Lore
06:09 Ancient of Lore
06:16 Moon Well
07:10 Moon Well
09:40 Moon Well
10:53 Moon Well
12:51 Moon Well
15:31 Moon Well
15:34 Moon Well
18:19 Moon Well

»
VagGaping4L (
green | 38 APM | 1186 actions | 31:29)
8 Blademaster
3 Wind Walk
3 Critical Strike
1 Bladestorm
1 Mirror Image
» actions
| Assign group hotkey | 17 | |
| Basic commands | 1 | |
| Build / train | 115 | |
| Enter build submenu | 17 | |
| Enter hero's abilities submenu | 8 | |
| Remove unit from queue | 11 | |
| Right click | 533 | |
| Select / deselect | 310 | |
| Select group hotkey | 126 | |
| Use ability | 48 | |
1186 total
» units
| Peon | 18 | |
| Troll Headhunter/Berserker | 9 | |
| Wind Rider | 26 | |
| Shaman | 6 | |
| Kodo Beast | 1 | |
| Goblin Zeppelin | 1 | |
61 total
» upgrades
| Ranged Weapons | 3 | |
| Armor | 3 | |
| Shaman Training | 2 | |
| Envenomed Spears | 1 | |
| War Drums Damage Increase | 1 | |
| Reinforced Defenses | 1 | |
| Spiked Barricades | 1 | |
| Berserker Strength | 1 | |
| Berserker Upgrade | 1 | |
| Troll Regeneration | 1 | |
| Burning Oil | 1 | |
| Witch Doctor Training | 1 | |
| Spirit Walker Training | 1 | |
| Ensnare | 1 | |
19 total
» buildings
| Altar of Storms | 1 | |
| Orc Burrow | 8 | |
| Barracks | 1 | |
| War Mill | 1 | |
| Great Hall | 1 | |
| Stronghold | 2 | |
| Beastiary | 2 | |
| Spirit Lodge | 1 | |
| Fortress | 2 | |
| Voodoo Lounge | 6 | |
25 total
» build order
00:15 Altar of Storms
00:16 Orc Burrow
01:16 Barracks
01:45 War Mill
02:00 Orc Burrow
02:55 Orc Burrow
05:31 Great Hall
05:34 Stronghold
05:34 Stronghold
07:29 Orc Burrow
07:58 Beastiary
07:59 Beastiary
08:02 Spirit Lodge
09:25 Orc Burrow
10:56 Fortress
10:56 Fortress
11:00 Orc Burrow
12:56 Orc Burrow
14:53 Orc Burrow
23:30 Voodoo Lounge
23:31 Voodoo Lounge
23:33 Voodoo Lounge
23:33 Voodoo Lounge
23:34 Voodoo Lounge
23:35 Voodoo Lounge

»
Chris13337 (
yellow | 30 APM | 939 actions | 31:29)
4 Priestess of the Moon
2 Trueshot Aura
2 Searing Arrows
3 Keeper of the Grove
2 Entangling Roots
1 Thorns Aura
» actions
| Assign group hotkey | 32 | |
| Basic commands | 1 | |
| Build / train | 59 | |
| Enter build submenu | 15 | |
| Enter hero's abilities submenu | 7 | |
| Remove unit from queue | 1 | |
| Right click | 392 | |
| Select / deselect | 229 | |
| Select group hotkey | 78 | |
| Use ability | 125 | |
939 total
» units
| Wisp | 20 | |
| Archer | 1 | |
| Huntress | 3 | |
| Dryad | 7 | |
| Glaive Thrower | 2 | |
33 total
» upgrades
| Reinforced Hides | 3 | |
| Strength of the Wild | 3 | |
| Abolish Magic | 1 | |
| Well Spring | 1 | |
| Ultravision | 1 | |
| Upgrade Moon Glaive | 1 | |
| Vorpal Blades | 1 | |
| Sentinel | 1 | |
12 total
» buildings
| Altar of Elders | 1 | |
| Moon Well | 8 | |
| Ancient of War | 2 | |
| Hunter's Hall | 1 | |
| Tree of Ages | 1 | |
| Ancient of Lore | 2 | |
| Tree of Eternity | 1 | |
| Tree of Life | 1 | |
| Ancient of Wonders | 1 | |
| Ancient of Wind | 1 | |
19 total
» build order
00:08 Altar of Elders
00:20 Moon Well
00:53 Ancient of War
01:54 Hunter's Hall
02:13 Moon Well
02:51 Ancient of War
03:03 Tree of Ages
04:42 Moon Well
04:44 Moon Well
06:49 Ancient of Lore
06:53 Ancient of Lore
07:58 Tree of Eternity
10:14 Moon Well
10:15 Moon Well
11:55 Tree of Life
17:26 Moon Well
17:28 Moon Well
24:13 Ancient of Wonders
30:22 Ancient of Wind
» items
| Dust of Appearance | 1 | |
| Staff of Preservation | 1 | |
2 total
greatjobb (
red | 21 APM | 668 actions | 31:29)
4 Lich
2 Frost Nova
2 Frost Armor
» actions
| Assign group hotkey | 27 | |
| Basic commands | 22 | |
| Build / train | 69 | |
| Enter build submenu | 23 | |
| Enter hero's abilities submenu | 4 | |
| Remove unit from queue | 8 | |
| Right click | 165 | |
| Select / deselect | 226 | |
| Select group hotkey | 87 | |
| Use ability | 36 | |
668 total
» units
| Acolyte | 12 | |
| Ghoul | 13 | |
| Frost Wyrm | 10 | |
35 total
» upgrades
| Creature Attack | 3 | |
| Creature Carapace | 3 | |
| Freezing Breath | 1 | |
7 total
» buildings
| Altar of Darkness | 1 | |
| Ziggurat | 19 | |
| Crypt | 1 | |
| Graveyard | 1 | |
| Nerubian Tower | 8 | |
| Halls of the Dead | 1 | |
| Black Citadel | 1 | |
| Sacrificial Pit | 1 | |
| Boneyard | 2 | |
| Spirit Tower | 3 | |
38 total
» build order
00:12 Altar of Darkness
00:22 Ziggurat
00:52 Crypt
01:16 Graveyard
01:32 Nerubian Tower
01:40 Ziggurat
03:08 Halls of the Dead
03:54 Ziggurat
05:00 Ziggurat
05:32 Black Citadel
05:53 Ziggurat
06:46 Sacrificial Pit
07:33 Ziggurat
08:29 Boneyard
08:40 Boneyard
09:29 Ziggurat
17:26 Ziggurat
18:58 Ziggurat
22:28 Nerubian Tower
22:29 Nerubian Tower
22:31 Nerubian Tower
22:33 Spirit Tower
26:15 Ziggurat
26:16 Ziggurat
26:17 Ziggurat
26:18 Ziggurat
26:56 Ziggurat
27:18 Nerubian Tower
27:19 Nerubian Tower
27:52 Spirit Tower
29:26 Ziggurat
29:27 Ziggurat
29:32 Ziggurat
29:33 Ziggurat
29:35 Ziggurat
30:28 Nerubian Tower
30:33 Nerubian Tower
30:35 Spirit Tower
Chat log
(00:27 / Allies) immortalsoulzz: blood mage first
(00:34 / Allies) BABY-BATTLER: ok
(00:42 / Allies) BABY-BATTLER: isn't archmage better?
(00:46 / Allies) immortalsoulzz: and tech to mortars, we'll high perch
(01:13 / Allies) immortalsoulzz: you knock trees down and build up there on cliffs
(03:01 / Allies) immortalsoulzz: militia 3 and get an expo here
(03:15 / Allies) immortalsoulzz: keep 5 on mine
(04:37 / Allies) BABY-BATTLER: move your peasants
(04:48 / Allies) immortalsoulzz: flame strike up here
(05:31 / Allies) BABY-BATTLER: how do we get up?
(05:45 / Allies) immortalsoulzz: zepplin plus tp staff
(06:02 / Allies) immortalsoulzz: you keep flame striking trees down the line
(06:08 / All) immortalsoulzz: build mortars now
(06:35 / All) Chris13337: hey no peekin
(09:24 / Allies) immortalsoulzz: rape
(09:48 / Allies) immortalsoulzz: theres much better maps to dot his
(11:16 / Allies) immortalsoulzz: you know
(11:21 / Allies) immortalsoulzz: i wonder ifits possible to glitch this wall
(11:28 / Allies) immortalsoulzz: and build buildings unable to be attacked
(11:48 / Allies) BABY-BATTLER: that would be amazing. a never ending game
(13:30 / Allies) immortalsoulzz: i dont think orange and blue are with us mentally
(13:38 / Allies) BABY-BATTLER: haha
(14:31 / Allies) a.spec: back
(14:42 / Allies) a.spec: help?
(14:50 / Allies) a.spec: back
(15:27 / All) Chris13337: gg
(15:50 / All) immortalsoulzz: you guys are good
(16:29 / All) VagGaping4L: You guys not expo?
(17:13 / Allies) BABY-BATTLER: bser
(17:29 / Allies) BABY-BATTLER: he's killing us
(17:33 / Allies) BABY-BATTLER: wtf
(17:39 / All) BABY-BATTLER: blue is a backstabber
(17:46 / All) DeStRoYeR101: what he tk?
(17:51 / All) BABY-BATTLER: everything
(18:17 / Allies) ciggies: beam me up
(19:21 / Allies) ciggies: hes showing how weak u r?
(19:35 / All) Chris13337: gg
(20:53 / Allies) immortalsoulzz: that site we upload replays on, highperch, is really good at this, especially on good maps
(21:07 / Allies) BABY-BATTLER: yes, it's a great site
(21:52 / Allies) immortalsoulzz: can we play one more game before your appointment
(21:59 / Allies) BABY-BATTLER: probably
(22:01 / All) immortalsoulzz: you guys suck
(22:08 / All) DeStRoYeR101: lol
(22:31 / All) immortalsoulzz: top right doing this might be good itachi for future reference
(23:32 / Allies) immortalsoulzz: you shoul download
(23:43 / Allies) immortalsoulzz: that rpg map
(23:47 / Allies) immortalsoulzz: somebody on gamfeaqs posted
(23:54 / Allies) immortalsoulzz: its pretty fun, i only play it offline though
(23:58 / All) BABY-BATTLER: you should buy mount&blade if you can through an online downloa. it's amazing
(24:04 / All) BABY-BATTLER: it's like oblivion except in huge battles
(24:09 / All) BABY-BATTLER: you conquer entire kingdoms
(24:26 / All) immortalsoulzz: i have rome total war, hate it
(24:32 / All) BABY-BATTLER: it's nothing like that
(24:37 / All) BABY-BATTLER: it's not an RTS
(25:07 / All) immortalsoulzz: you guys are quite horrible
(25:19 / All) BABY-BATTLER: frostwyrms got raped
(26:05 / Allies) BABY-BATTLER: rofl
(26:12 / Allies) ciggies: can orc do this?
(26:23 / Allies) immortalsoulzz: yes orange
(26:25 / Allies) immortalsoulzz: with demos
(26:28 / Allies) immortalsoulzz: plus tp staff
(26:31 / Allies) immortalsoulzz: if no zepplin
(26:43 / Allies) ciggies: wat maps?
(26:55 / Allies) ciggies: wats the replays?
(27:02 / Allies) ciggies: under who?
(27:13 / All) DeStRoYeR101: wow u guys suck bad
(27:16 / Allies) immortalsoulzz: highperch
(27:25 / Allies) ciggies: his name?
(27:29 / All) BABY-BATTLER: you haven't won yet
(27:35 / All) BABY-BATTLER: our farm will be our sole key to victory
(27:38 / All) BABY-BATTLER: HEIL HITLER
(27:45 / All) ciggies: lmao
(29:08 / Allies) BABY-BATTLER: cancel that farm
(29:11 / Allies) BABY-BATTLER: to get its resources
(29:19 / Allies) immortalsoulzz: i have 4k gold
(29:28 / Allies) BABY-BATTLER: I have 8k gold and 0 lumber
(29:45 / Allies) immortalsoulzz: im going to upload replay and see what we could have done better on this map
(30:43 / Allies) immortalsoulzz: control
(30:56 / All) Chris13337: so how many games have you won like this?
(31:05 / All) DeStRoYeR101: probly none
(31:05 / All) BABY-BATTLER: at least 100
(31:20 / All) immortalsoulzz: its actually a good strategy if all other teammates do it on a good map
(31:21 / Allies) ciggies: can built
(31:26 / Allies) ciggies: cant